 Dungeon Crawl Stone Soup version 0.22-a0-354-g30dfbe6 (webtiles) character file.

112 Kairos the Skirmisher (level 4, 24/24 HPs)
             Began as a Vine Stalker Fighter on Apr 16, 2018.
             Got out of the dungeon alive.
             The game lasted 00:02:05 (1705 turns).

Kairos the Skirmisher (Vine Stalker Fighter)        Turns: 1705, Time: 00:02:06

Health: 24/24      AC:  6    Str: 19    XL:     4   Next: 93%
Magic:  5/5        EV:  7    Int:  8    God:
Gold:   89         SH:  9    Dex: 14    Spells: 3/3 levels left

rFire    . . .     SeeInvis .   a - +0 flail
rCold    . . .     Gourm    .   c - +0 shield
rNeg     . . .     Faith    .   b - +0 scale mail
rPois    .         Spirit   +   (no helmet)
rElec    .         Reflect  .   (no cloak)
rCorr    .         Harm     .   (no gloves)
MR       .....                  (no boots)
Stlth    ..........             k - amulet of guardian spirit
HPRegen  0.48/turn              g - ring of wizardry
MPRegen  0.09/turn              (no ring)

@: no status effects
A: fangs 2, regeneration 1, magic shield, antimagic bite, no potion heal 3, rot
immunity
a: no special abilities


You escaped.
You were hungry.

You visited 1 branch of the dungeon, and saw 2 of its levels.

You collected 89 gold pieces.

Inventory:

Hand Weapons
 a - a +0 flail (weapon)
Armour
 b - a +0 scale mail (worn)
 c - a +0 shield (worn)
Jewellery
 g - a ring of wizardry (left hand)
 k - an amulet of guardian spirit (around neck)
Scrolls
 e - a scroll of amnesia {unknown}
 h - 2 scrolls of immolation {unknown}
 j - 2 scrolls of identify {unknown}
 l - a scroll of blinking {unknown}
 m - a scroll of enchant armour {unknown}
 n - 2 scrolls of fear {unknown}
 o - a scroll of noise {unknown}
Potions
 d - 3 potions of might
 i - a potion of agility {unknown}
 p - a potion of heal wounds {unknown}
Comestibles
 f - 6 rations


   Skills:
 + Level 3.3 Fighting
 + Level 2.8 Maces & Flails
 + Level 2.8 Armour
 + Level 1.1 Dodging
 + Level 3.2 Shields


You had 3 spell levels left.
You didn't know any spells.

Dungeon Overview and Level Annotations

Branches:
Dungeon (2/15)

Altars:
Sif Muna


Innate Abilities, Weirdness & Mutations

You have extremely sharp teeth.
Your natural rate of healing is unusually fast.
When hurt, damage is shared between your health and your magic reserves.
Your bite disrupts and absorbs the magic of your enemies.
Potions cannot restore your health.
You are immune to rotting.


Message History

The goblin is moderately wounded.
You block the goblin's attack.
A goblin is nearby!
You closely miss the goblin.
You kill the goblin!
No target in view!
No target in view!
No target in view!
Done exploring.
Done exploring.
Done exploring.
No target in view!
Things that are here:
a short sword of holy wrath; 2 stones
There is an escape hatch in the ceiling here.
A mysterious force pulls you upwards. The hatch slams shut behind you.
There is a fountain of clear blue water here.
There is a staircase leading out of the dungeon here.
Are you sure you want to leave the Dungeon?
This will make you lose the game!
You have escaped!

.# .# .#
#######################
#.....................#
#.............8...8...#
#..#########..........#
...#≈≈≈≈≈≈≈#.⌠......⌠.#
...#≈≈≈≈≈≈;#....@.....#
...#≈≈≈≈≈≈≈#.⌠......⌠.#
#..#########..........#
#.............8...8...#
#.....................#
#######################
# # #


You could see an electric eel.

Vanquished Creatures
  6 adders (D:2)
  2 dart slugs (D:1)
  A leopard gecko (D:2)
  8 bats
  3 giant cockroaches
  10 goblins
  3 hobgoblins
  3 jackals (D:2)
  8 kobolds
  2 frilled lizards
  6 rats
52 creatures vanquished.

Notes
Turn   | Place    | Note
-------+----------+-------------------------------------------
     0 | D:1      | Kairos the Vine Stalker Fighter began the quest for the Orb.
     0 | D:1      | Reached XP level 1. HP: 11/11 MP: 2/2
    15 | D:1      | Noticed an electric eel
   170 | D:1      | Reached XP level 2. HP: 16/16 MP: 3/3
   463 | D:1      | Reached XP level 3. HP: 19/20 MP: 4/4
  1061 | D:2      | Gained mutation: Your natural rate of healing is unusually fast. [Vine Stalker growth]
  1061 | D:2      | Reached XP level 4. HP: 18/24 MP: 5/5
  1147 | D:2      | Reached skill level 1 in Dodging
  1436 | D:2      | Found a deep blue altar of Sif Muna.
  1705 | D:$      | Got out of the dungeon alive.

Vault maps used:
D:1:      arrival_aquarium_a, serial_bayou, serial_bayou_crossing,
          serial_bayou_pond_e, serial_bayou_pond_d, serial_bayou_pond_b,
          grunt_decor_cap
D:2:      lemuel_blue_sif_altar

Skill      XL: |  1  2  3  4 |
---------------+-------------+-----
Maces & Flails | 2 |  2.8
Fighting       | 3 |  3.3
Shields        | 3 |  3.2
Dodging        | 1 |  1.1
Armour         | |  2.8

Action                   |  1- 3 |  4- 6 || total
-------------------------+-------+-------++-------
Melee: Flail             |    82 |    63 ||   145
       Bite              |    18 |    16 ||    34
  Eat: Chunk             |       |     2 ||     2
Armor: Scale mail        |    37 |    33 ||    70
Dodge: Dodged            |    29 |    27 ||    56
Block: Shield            |    51 |    45 ||    96

Table legend:
 A = Spawn XP
 B = Non-spawn XP
 C = Spawn XP percentage of total XP
 D = Spawn monster count
 E = Non-spawn monster count
 F = Spawn count percentage of total count
 G = Total turns spent on level
                    A         B        C        D         E        F      G
               +---------+---------+-------+---------+---------+-------+---------
         Total |       0 |     160 |   0.0 |       0 |      52 |   0.0 |  1705
               +---------+---------+-------+---------+---------+-------+---------
           D:1 |       0 |      37 |   0.0 |       0 |      22 |   0.0 |   707
           D:2 |       0 |     123 |   0.0 |       0 |      30 |   0.0 |   998
               +---------+---------+-------+---------+---------+-------+---------
